 Dungeon Crawl Stone Soup version 0.31-a0-996-g3b49de5836 (webtiles) character file.

Game seed: 14930191498629691225

816 BinkBink the Shield-Bearer (level 8, -3/64 HPs)
             Began as a Formicid Fighter on Nov 7, 2023.
             Was an Initiate of Qazlal.
             Slain by a steam dragon (4 damage)
             ... on level 5 of the Dungeon.
             The game lasted 00:05:07 (3931 turns).

BinkBink the Shield-Bearer (Formicid Fighter)       Turns: 3931, Time: 00:05:07

Health: -3/64      AC: 10    Str: 24    XL:     8   Next: 16%
Magic:  8/8        EV:  9    Int: 10    God:    Qazlal [......]
Gold:   147        SH:  5    Dex: 13    Spells: 7/7 levels left

rFire   . . .        m - +2 hand axe (venom)
rCold   . . .        c - +0 buckler
rNeg    . . .        b - +0 scale mail
rPois   +            (helmet unavailable)
rElec   +            (no cloak)
rCorr   .            g - +2 pair of gloves of Kogovet {rElec rPois Int+3}
SInv    +            (no boots)
Will    .....        (no amulet) Stlth
                     (no ring)
HPRegen 0.30/turn    (no ring)
MPRegen 0.11/turn

%: clarity
@: no status effects
A: permanent stasis, dig shafts and tunnels, antennae 3, four strong arms,
clarity, inability to read after injury 1
a: Dig, Shaft Self, Renounce Religion


You were on level 5 of the Dungeon.
You worshipped Qazlal.
Qazlal was noncommittal.
You visited 2 branches of the dungeon, and saw 6 of its levels.

You collected 147 gold pieces.

Inventory:

Hand Weapons
 m - a +2 hand axe of venom (weapon)
Armour
 b - a +0 scale mail (worn)
 c - a +0 buckler (worn)
 g - the +2 pair of gloves of Kogovet (worn) {rElec rPois Int+3}
   (You found it on level 3 of the Dungeon)

   Int+3:     It affects your intelligence (+3).
   rElec:     It insulates you from electricity.
   rPois:     It protects you from poison
Jewellery
 t - a ring of protection from fire
Wands
 p - a wand of polymorph (5)
Scrolls
 f - 3 scrolls of fear
 h - a scroll of poison
 k - 2 scrolls of torment
Potions
 a - a potion of lignification
 d - 2 potions of might
 e - 3 potions of haste
 i - 3 potions of degeneration
 j - a potion of enlightenment
 l - a potion of curing {unknown}
 n - a potion of invisibility {unknown}
 o - a potion of berserk rage {unknown}
 q - a potion of mutation
 r - a potion of attraction {unknown}
 s - a potion of resistance {unknown}
 u - a potion of cancellation {unknown}


   Skills:
 + Level 5.7 Fighting
 + Level 4.6 Axes
 + Level 5.7 Armour
 + Level 6.9 Shields


You had 7 spell levels left.
You didn't know any spells.
Your spell library was empty.

Dungeon Overview and Level Annotations

Branches:
Dungeon (5/15)             Temple (1/1) D:4

Altars:
Ashenzari
Cheibriados
Dithmenos
Elyvilon
Fedhas
Hepliaklqana
Kikubaaqudgha
Makhleb
Okawaru
Qazlal
Ru
Sif Muna
Trog
Uskayaw
Vehumet
Wu Jian
Xom
Yredelemnul
Zin
The Shining One

Shops:
D:3 (


Innate Abilities, Weirdness & Mutations

You cannot be hasted, slowed, berserked, paralysed or teleported.
You can dig through walls and to a lower floor.
You have a pair of large antennae on your head. (SInv)
Your four strong arms can wield two-handed weapons with a shield.
You possess an exceptional clarity of mind.
You occasionally lose the ability to read scrolls when taking damage.


Message History

Qazlal accepts your kill. The iguana bites you!
* * * LOW HITPOINT WARNING * * *
You hit the iguana but do no damage. The iguana completely misses you.
You hit the iguana.
The iguana is poisoned.
The iguana is lightly wounded.
The iguana completely misses you.
You hit the iguana but do no damage.
The iguana looks as sick as possible!
The iguana is lightly wounded.
You block the iguana's attack.
You hit the iguana.
The iguana looks as sick as possible!
The iguana is heavily wounded.
The iguana barely misses you.
You barely miss the iguana.
The iguana is heavily wounded.
The iguana barely misses you.
You hit the iguana.
The iguana looks as sick as possible!
The iguana is almost dead.
You kill the iguana!
Qazlal accepts your kill.
You slash the scorpion!
The scorpion is heavily wounded.
The scorpion stings you but does no damage.
The scorpion misses you.
You slash the scorpion!
You kill the scorpion!
Qazlal accepts your kill. The steam dragon breathes steam at you.
The ball of steam hits you!
* * * LOW HITPOINT WARNING * * *
You hit the steam dragon.
The steam dragon is lightly wounded.
The steam dragon bites you.
* * * LOW HITPOINT WARNING * * *
The steam dragon barely misses you.
You closely miss the steam dragon.
The steam dragon is lightly wounded.
The steam dragon bites you but does no damage.
The steam dragon claws you.
You die...

.....<....... #.........
..........<.. ##..K.#...#
#.)......###. #....#...#
##......## #...#...#[.
..>...>## #....#..w#
.##....# #h....#...
.##..#.###### #..).......
...........##.####..#.......
.##.##.#...##§.§@DK).....###
#.##......######w.#.####
%.####...## #..#.#
########..#######..#.#
...>................#
########.........####
###########


You could see a steam dragon (catching breath), a kobold brigand and a worm.

Vanquished Creatures
  An ice beast (D:5)
  A black bear (D:4)
  A kobold brigand (D:5)
  3 scorpions
  A howler monkey (D:4)
  A hound (D:5)
  A gnoll bouda (D:4)
  An orc priest (D:5)
  A sleepcap (D:4)
  2 iguanas (D:5)
  An orc wizard (D:3)
  4 gnolls (D:4)
  3 adders
  A worm (D:4)
  9 orcs
  6 ball pythons
  9 bats
  4 endoplasms
  5 giant cockroaches
  6 goblins
  4 hobgoblins
  7 jackals
  6 kobolds
  9 quokkas
  A frilled lizard (D:2)
  12 rats
100 creatures vanquished.

Notes
Turn   | Place    | Note
-------+----------+-------------------------------------------
     0 | D:1      | BinkBink the Formicid Fighter began the quest for the Orb.
     0 | D:1      | Reached XP level 1. HP: 18/18 MP: 1/1
    70 | D:1      | Reached XP level 2. HP: 22/24 MP: 2/2
   222 | D:1      | Reached XP level 3. HP: 29/29 MP: 3/3
   884 | D:2      | Reached XP level 4. HP: 37/37 MP: 4/4
  1535 | D:3      | Found a faded altar of an unknown god.
  1617 | D:3      | Found Idghotatu's Antique Weapon Boutique.
  1727 | D:3      | Gained mutation: You occasionally lose the ability to read
                  | scrolls when taking damage. [potion of mutation]
  1727 | D:3      | Gained mutation: You possess an exceptional clarity of
                  | mind. [potion of mutation]
  1733 | D:3      | Reached XP level 5. HP: 3/42 MP: 5/5
  1734 | D:3      | HP: 1/42 [orc/+0 dagger (3)]
  1737 | D:3      | Reached skill level 5 in Shields
  1890 | D:3      | Identified the +2 pair of gloves of Kogovet {rElec rPois
                  | Int+3}
  3037 | D:4      | Reached XP level 6. HP: 35/49 MP: 6/6
  3372 | D:4      | Noticed a black bear
  3385 | D:4      | Killed a black bear
  3386 | D:4      | Reached skill level 5 in Fighting
  3386 | D:4      | Reached skill level 5 in Armour
  3386 | D:4      | Reached skill level 6 in Shields
  3386 | D:4      | Reached XP level 7. HP: 45/56 MP: 7/7
  3590 | D:4      | Found a staircase to the Ecumenical Temple.
  3736 | Temple   | Entered the Ecumenical Temple
  3746 | Temple   | Became a worshipper of Qazlal Stormbringer
  3806 | D:5      | Entered Level 5 of the Dungeon
  3895 | D:5      | Noticed a steam dragon
  3920 | D:5      | Reached XP level 8. HP: 21/63 MP: 8/8
  3930 | D:5      | HP: 1/64 [steam dragon (6)]
  3931 | D:5      | Slain by a steam dragon

Illustrated notes

Levels and vault maps discovered:
D:1:      lemuel_arrival_cross, layout_rooms
D:2:      layout_basic, minmay_door_square
D:3:      layout_basic, serial_shops, nicolae_shop_dealshenge,
          shapermc_ecumenical_altar_totnotflames, minivault_11,
          minmay_misc_feat_five, minmay_curled_crystal,
          kennysheep_generic_room_14
D:4:      nicolae_BIG_FREAKIN_CUBE, layout_cave_pools,
          minmay_temple_entry_fiery, minmay_close_crescents
D:5:      cheibrodos_fzero, layout_loops_ring, serial_shops,
          nicolae_shop_statue_plus
Temple:   nicolae_temple_slightly_damp_pantheon

Skill      XL: |  1  2  3  4  5  6  7 |
---------------+----------------------+-----
Fighting       | 4 5 |  5.7
Armour         | 4 5 |  5.7
Shields        | 5 6 |  6.9
Axes           | 3 4 |  4.6

Action                     |  1- 3 |  4- 6 |  7- 9 || total
---------------------------+-------+-------+-------++-------
  Melee: War axe           |    89 |   130 |       ||   219
         Hand axe          |       |    29 |    62 ||    91
    Use: Potion            |       |     2 |       ||     2
         Scroll            |       |     8 |     2 ||    10
 Armour: Scale mail        |    80 |   123 |    26 ||   229
  Dodge: Dodged            |    67 |    92 |    25 ||   184
  Block: Buckler           |    27 |    54 |    12 ||    93

Table legend: (Time is in decaauts)
 A = Elapsed time spent in this place.
 B = Non-inter-level travel time spent in this place.
 C = Inter-level travel time spent in this place.
 D = Time resting spent in this place.
 E = Time spent auto-exploring this place.
 F = Levels seen in this place.
 G = Mean time per level.
                   A        B        C        D        E       F      G
               +--------+--------+--------+--------+--------+-----+--------+
         Total |   4028 |   3846 |    182 |    522 |   2585 |   6 |  671.3 |
       Dungeon |   4007 |   3836 |    171 |    522 |   2585 |   5 |  801.4 |
        Temple |     20 |     10 |     10 |      0 |      0 |   1 |   20.0 |
               +--------+--------+--------+--------+--------+-----+--------+

Top non-repeatable levels by time:
     D:3: 1549 daAuts
     D:2: 900 daAuts
     D:4: 812 daAuts
     D:1: 614 daAuts
     D:5: 130 daAuts
  Temple: 20 daAuts
